 Dungeon Crawl Stone Soup version 0.30-a0-40-gc6d0f036a7 (webtiles) character file.

Game seed: 1082572053940222536

2426 fuddud the Protected (level 9, -4/75 HPs)
             Began as a Minotaur Fighter on Aug 29, 2022.
             Slain by an orc knight
             ... wielding a +0 glaive
              (23 damage)
             ... in a bailey.
             The game lasted 00:31:01 (6071 turns).

fuddud the Protected (Minotaur Fighter)             Turns: 6071, Time: 00:31:01

Health: -4/75      AC: 17    Str: 25    XL:     9   Next: 24%
Magic:  8/8        EV:  9    Int: 11    God:
Gold:   332        SH:  6    Dex: 21    Spells: 8/8 levels left

rFire   + + +      SeeInvis .    z - +9 trident of Honesty {drain, Dex+3}
rCold   x . .      Faith    +    c - +0 buckler
rNeg    + . .      Spirit   .    j - +2 fire dragon scales "Pefuuta" {rF++ rC- Dex+2}
rPois   .          Reflect  .    (helmet restricted)
rElec   .          Harm     .    i - +0 cloak
rCorr   .          Rampage  .    y - +1 pair of gloves "Ireno" {rF+ Int+6}
Will    .....                    (no boots)
Stlth   ..........               F - amulet of faith
HPRegen 0.22/turn                f - +6 ring of dexterity
MPRegen 0.11/turn                r - ring of positive energy

@: no status effects
A: horns 2, retaliatory headbutt
a: no special abilities


You were in a bailey.
You visited 2 branches of the dungeon, and saw 8 of its levels.
You also visited: Bailey.

You collected 332 gold pieces.

Inventory:

Hand Weapons
 a - a +1 war axe
 z - the +9 trident of Honesty (weapon) {drain, Dex+3}
   (You found it on level 4 of the Dungeon)

   A truly terrible weapon, it drains the life of any living foe it strikes.
   Dex:       It affects your dexterity (+3).
Missiles
 I - 2 throwing nets (quivered)
Armour
 b - a +0 scale mail
 c - a +0 buckler (worn)
 i - a +0 cloak (worn)
 j - the +2 fire dragon scales "Pefuuta" (worn) {rF++ rC- Dex+2}
   (You acquired it on level 2 of the Dungeon)

   Dex:       It affects your dexterity (+2).
   rF:        It greatly protects you from fire.
   rC:        It makes you vulnerable to cold.
 y - the +1 pair of gloves "Ireno" (worn) {rF+ Int+6}
   (You found it on level 4 of the Dungeon)

   Int:       It affects your intelligence (+6).
   rF:        It protects you from fire.
Jewellery
 f - a +6 ring of dexterity (left hand)
 r - a ring of positive energy (right hand)
 F - an amulet of faith (around neck)
 G - a ring of willpower
Wands
 s - a wand of charming (8)
 w - a wand of mindburst (5)
 H - a wand of polymorph (8)
Scrolls
 e - 2 scrolls of fog
 h - 3 scrolls of teleportation
 l - a scroll of torment
 n - 4 scrolls of noise
 o - a scroll of enchant weapon
 p - 2 scrolls of blinking
 u - 4 scrolls of identify
 B - a scroll of fear {unknown}
 C - a scroll of amnesia
 D - a scroll of vulnerability {unknown}
 J - a scroll of silence
Potions
 d - 4 potions of might
 g - 2 potions of degeneration {unknown}
 k - 3 potions of invisibility {unknown}
 m - a potion of mutation {unknown}
 q - 2 potions of lignification {unknown}
 t - 3 potions of curing
 v - a potion of resistance {unknown}
 x - 2 potions of heal wounds {unknown}
 A - a potion of cancellation {unknown}
 E - 2 potions of ambrosia {unknown}


   Skills:
 - Level 6.1 Fighting
 - Level 5.4(8.0) Axes
 + Level 9.1(9.8) Polearms
 + Level 10.1 Armour
 - Level 3.6 Shields


You had 8 spell levels left.
You didn't know any spells.
Your spell library contained the following spells:

 Spells                   Type           Power      Damage    Failure   Level
 Magic Dart               Conj           0%         1d3       73%         1
 Searing Ray              Conj           0%         2d4       86%         2
 Inner Flame              Hex/Fire       0%         N/A       97%         3
 Airstrike                Air            0%         2d(0-16)  100%        4
 Cause Fear               Hex            0%         N/A       100%        4
 Fulminant Prism          Conj/Hex       0%         3d6       100%        4
 Summon Lightning Spire   Summ/Air       0%         N/A       100%        4
 Lightning Bolt           Conj/Air       0%         1d11      100%        5
 Discord                  Hex            0%         N/A       100%        8


Dungeon Overview and Level Annotations

Branches:
Dungeon (7/15)             Temple (1/1) D:5          Bailey (1/1)

Altars:
Ashenzari
Cheibriados
Dithmenos
Elyvilon
Fedhas
Hepliaklqana
Kikubaaqudgha
Makhleb
Nemelex Xobeh
Ru
Sif Muna
Trog
Uskayaw
Vehumet
Wu Jian
Xom
Yredelemnul
Zin
The Shining One

Shops:
D:6 =


Innate Abilities, Weirdness & Mutations

You have a pair of horns on your head.
You reflexively headbutt those who attack you in melee.


Message History

The orc knight hits you from afar with a +0 glaive!
The orc knight roars a battlecry!
The orc knight goes into a battle-frenzy!
There is an open door here.
You reach to attack!
You puncture the orc warrior!
The orc warrior is heavily wounded.
The orc warrior hits you from afar with a +0 trident!
You reach to attack!
You hit the orc warrior. You drain the orc warrior.
The orc warrior is severely wounded.
The orc warrior hits you from afar with a +0 trident!
You are too injured to fight recklessly!
You are too injured to fight recklessly!
You are too injured to fight recklessly!
You block the orc warrior's attack.
You barely miss the orc warrior.
The orc warrior is severely wounded.
The orc warrior hits you but does no damage.
You closely miss the orc warrior.
The orc warrior is severely wounded.
You block the orc warrior's attack.
You barely miss the orc warrior.
The orc warrior is severely wounded.
You block the orc knight's attack. You block the orc warrior's attack.
You puncture the orc warrior!
You kill the orc warrior!
You block the orc knight's attack.
There is an open door, spattered with blood here.
Things that are here:
a +0 trident; a +0 scale mail; an orc corpse You are too injured to fight recklessly!
You are too injured to fight recklessly!
You are too injured to fight recklessly!
You are too injured to fight recklessly!
You barely miss the orc knight. Your headbutt misses the orc knight.
The orc knight hits you with a +0 glaive!
* * * LOW HITPOINT WARNING * * *
You closely miss the orc knight. You headbutt the orc knight!
The orc knight is lightly wounded.
The orc knight hits you with a +0 glaive!!
You die...

########### ##.........##
##..~~~~~~~..##
##..~).....~~..##
#######..~~..###..~~..#####
.....)).~~..## ##))~)......
~~~~~~~~~..##.∩.##.)~~~~~~~
..........##.....##..)))...
.#########@###+############
#o.....§§ # #..≈≈≈≈≈§§ ##
#..≈≈o...§§ ##.
#......⌠∩§.§ #..
#..§≈...⌠.§. #+#..
##..≈≈.....≈ ##.##.
##..§≈≈.≈≈≈ #.$.##
+#....§§.. .$$$.#


You could see 2 orc knights.

Vanquished Creatures
  Pikel (D:6)
  A hornet (D:5)
  Grinder (D:4)
  Edmund (D:6)
  2 orc warriors
  An ice beast (D:5)
  2 centaurs (D:6)
  A phantom (D:5)
  Blork the orc (D:5)
  2 bullfrogs
  A necrophage (D:6)
  3 scorpions
  A howler monkey (D:6)
  2 jellies
  4 hounds
  4 orc priests
  Ijyb (D:4)
  3 orc wizards
  4 adders
  An ufetubus (D:6)
  2 worms
  2 dart slugs
  30 orcs
  5 endoplasms
  A giant cockroach (D:1)
  7 hobgoblins
  A quokka (D:1)
  3 ball pythons
  5 bats
  3 frilled lizards
  11 goblins
  3 kobolds
  4 rats
114 creatures vanquished.

Notes
Turn   | Place    | Note
-------+----------+-------------------------------------------
     0 | D:1      | fuddud the Minotaur Fighter began the quest for the Orb.
     0 | D:1      | Reached XP level 1. HP: 19/19 MP: 0/0
    90 | D:1      | Found a faded altar of an unknown god.
   214 | D:1      | Reached XP level 2. HP: 27/27 MP: 1/1
   631 | D:2      | Reached XP level 3. HP: 34/34 MP: 2/2
   813 | D:2      | You fall into a shaft and drop 1 floor!
  1628 | D:2      | Identified a scroll of acquirement
  1628 | D:2      | Acquired the +2 fire dragon scales "Pefuuta" {rF++ rC-
                  | Dex+2}
  1965 | D:3      | Reached skill level 5 in Fighting
  1965 | D:3      | Reached XP level 4. HP: 23/42 MP: 3/3
  1985 | D:3      | Reached XP level 5. HP: 14/48 MP: 4/4
  2714 | D:4      | Reached skill level 5 in Axes
  2866 | D:4      | Noticed Ijyb
  2874 | D:4      | Killed Ijyb
  2875 | D:4      | Reached skill level 4 in Armour
  3220 | D:4      | Found a hazy altar of Hepliaklqana.
  3279 | D:4      | Identified the +9 trident of Honesty {drain, Dex+3}
  3282 | D:4      | Identified the +1 pair of gloves "Ireno" {rF+ Int+6}
  3424 | D:4      | Noticed Grinder
  3434 | D:4      | Killed Grinder
  3435 | D:4      | Reached skill level 5 in Armour
  3435 | D:4      | Reached XP level 6. HP: 46/57 MP: 5/5
  3716 | D:5      | Entered Level 5 of the Dungeon
  3728 | D:5      | Noticed an ice beast
  3738 | D:5      | Killed an ice beast
  3739 | D:5      | Reached XP level 7. HP: 63/63 MP: 6/6
  4129 | D:5      | Found a shimmering altar of Xom.
  4129 | D:5      | Found a shimmering altar of Xom.
  4162 | D:5      | Reached skill level 6 in Armour
  4297 | D:5      | Found a shimmering altar of Xom.
  4312 | D:5      | Found a shimmering altar of Xom.
  4317 | D:5      | Found a shimmering altar of Xom.
  4331 | D:5      | Found a staircase to the Ecumenical Temple.
  4336 | Temple   | Entered the Ecumenical Temple
  4551 | D:5      | Noticed a hornet
  4553 | D:5      | Killed a hornet
  4554 | D:5      | Reached skill level 5 in Polearms
  4638 | D:5      | Noticed Blork the orc
  4643 | D:5      | Killed Blork the orc
  4644 | D:5      | Reached skill level 7 in Armour
  4730 | D:5      | Found a shimmering altar of Xom.
  4730 | D:5      | Found a shimmering altar of Xom.
  4877 | D:6      | Reached XP level 8. HP: 70/70 MP: 7/7
  4894 | D:6      | Found Ytaidea's Jewellery Shoppe.
  4956 | D:6      | Noticed Edmund
  4967 | D:6      | Killed Edmund
  4969 | D:6      | Identified the +0 leather armour "Letil" {Str+6 Int-3 SInv}
  5027 | D:6      | Reached skill level 8 in Armour
  5170 | D:6      | Noticed Pikel
  5185 | D:6      | Killed Pikel
  5186 | D:6      | Reached skill level 9 in Armour
  5338 | D:6      | Reached XP level 9. HP: 72/75 MP: 8/8
  5714 | D:7      | Found a flagged portal.
  5740 | D:7      | Reached skill level 10 in Armour
  5860 | Bailey   | Entered a bailey
  6056 | Bailey   | Noticed an orc knight
  6056 | Bailey   | Noticed an orc knight
  6071 | Bailey   | Slain by an orc knight

Illustrated notes

Levels and vault maps discovered:
D:1:      scummos_arrival_checkerplants, layout_basic,
          hellmonk_ecumenical_altar_arch_garden
D:2:      layout_loops_ring
D:3:      layout_basic
D:4:      layout_basic, mainiacjoe_overflow_alcove_1, grunt_ministairs_4,
          uniq_ijyb, uniq_grinder
D:5:      layout_cave_pods, xom_redecorated, temple_doors_cd, serial_glass,
          glass_columns_a, glass_columns_a, feat_on_display,
          minmay_strange_pillars, uniq_blork_the_orc
D:6:      layout_basic, nicolae_stop_n_shop_1, hex_medium, uniq_edmund,
          uniq_pikel
D:7:      layout_rooms, enter_bailey_5, serial_rivers,
          chequers_serial_rivers_small_b, chequers_serial_rivers_micro_c,
          chequers_serial_rivers_micro_b, chequers_serial_rivers_marsh,
          kennysheep_diamond, minmay_misc_feat_room, uniq_prince_ribbit1,
          uniq_crazy_yiuf_cottage, uniq_joseph
Temple:   minmay_crystal_spiral_temple
Bailey:   bailey_polearm_1, bailey

Skill      XL: |  1  2  3  4  5  6  7  8  9 |
---------------+----------------------------+-----
Fighting       | 4 5 6 |  6.1
Axes           | 3 4 5 |  5.4
Armour         | 5 7 9 10 | 10.1
Polearms       | 2 3 5 8 9 |  9.1
Shields        | |  3.6

Action                   |  1- 3 |  4- 6 |  7- 9 || total
-------------------------+-------+-------+-------++-------
Melee: War axe           |    72 |    49 |       ||   121
       Headbutt          |    11 |     6 |    13 ||    30
       Trident           |       |    14 |   136 ||   150
  Use: Scroll            |    10 |     2 |       ||    12
Armor: Scale mail        |    32 |       |       ||    32
       Fire dragon scale |     5 |    31 |    36 ||    72
Dodge: Dodged            |    38 |    20 |    21 ||    79
Block: Buckler           |    15 |    13 |    26 ||    54

Table legend: (Time is in decaauts)
 A = Elapsed time spent in this place.
 B = Non-inter-level travel time spent in this place.
 C = Inter-level travel time spent in this place.
 D = Time resting spent in this place.
 E = Time spent auto-exploring this place.
 F = Levels seen in this place.
 G = Mean time per level.
                   A        B        C        D        E       F      G
               +--------+--------+--------+--------+--------+-----+--------+
         Total |   6107 |   5354 |    753 |    100 |   4435 |   9 |  678.6 |
       Dungeon |   5689 |   5129 |    560 |    100 |   4313 |   7 |  812.7 |
        Temple |    208 |     15 |    193 |      0 |      7 |   1 |  208.0 |
        Bailey |    209 |    209 |      0 |      0 |    114 |   1 |  209.0 |
               +--------+--------+--------+--------+--------+-----+--------+

Top non-repeatable levels by time:
     D:3: 1490 daAuts
     D:4: 1024 daAuts
     D:5: 949 daAuts
     D:6: 771 daAuts
     D:2: 724 daAuts
     D:1: 516 daAuts
     D:7: 212 daAuts
  Bailey: 209 daAuts
  Temple: 208 daAuts
